 Dungeon Crawl Stone Soup version 0.25-a0-603-g0321be95db (webtiles) character file.

Game seed: 10966885952441204554, levelgen mode: deterministic

14 Laukis the Skirmisher (level 2, 0/19 HPs)
             Began as a Gargoyle Fighter on Mar 16, 2020.
             Slain by a goblin (2 damage)
             ... on level 2 of the Dungeon.
             The game lasted 00:02:04 (819 turns).

Laukis the Skirmisher (Gargoyle Fighter)             Turns: 819, Time: 00:02:04

Health: 0/19       AC:  9    Str: 19    XL:     2   Next: 41%
Magic:  2/2        EV:  7    Int:  8    God:
Gold:   77         SH:  9    Dex:  9    Spells: 1/1 levels left

rFire    . . .     SeeInvis .   a - +0 flail
rCold    . . .     Gourm    .   c - +0 kite shield
rNeg     + . .     Faith    .   b - +0 scale mail
rPois    ∞         Spirit   .   (no helmet)
rElec    +         Reflect  .   (no cloak)
rCorr    .         Harm     .   (no gloves)
MR       .....                  (no boots)
Stlth    ..........             (no amulet)
HPRegen  0.06/turn              (no ring)
MPRegen  0.08/turn              (no ring)

@: no status effects
A: negative energy resistance 1, electricity resistance, unbreathing,
petrification resistance, rot immunity, AC +2
a: no special abilities


You were on level 2 of the Dungeon.
You were not hungry.

You visited 1 branch of the dungeon, and saw 2 of its levels.

You collected 77 gold pieces.

Inventory:

Hand Weapons
 a - a +0 flail (weapon)
Armour
 b - a +0 scale mail (worn)
 c - a +0 kite shield (worn)
 i - a cursed +0 tower shield
Scrolls
 e - 2 scrolls of teleportation {unknown}
 g - a scroll of enchant armour {unknown}
 l - a scroll of identify {unknown}
 m - a scroll of amnesia {unknown}
Potions
 d - a potion of might
 h - a potion of lignification {unknown}
 j - a potion of resistance {unknown}
 k - a potion of invisibility {unknown}
Comestibles
 f - 3 rations


   Skills:
 + Level 3.5 Fighting
 * Level 2.7 Maces & Flails
 - Level 3.2 Armour
 - Level 3.2 Shields


You had one spell level left.
You didn't know any spells.
Your spell library was empty.

Dungeon Overview and Level Annotations

Branches:
Dungeon (2/15)

Altars:


Innate Abilities, Weirdness & Mutations

You are resistant to torment.
Your stone body is resilient. (AC +2)
You are immune to poison.
You resist negative energy. (rN+)
You are resistant to electric shocks. (rElec)
You can survive without breathing.
You are immune to petrification.
You are immune to rotting.


Message History

The worm is lightly wounded.
You block the goblin's attack. The goblin hits you but does no damage.
You sock the worm!
The worm is heavily wounded.
The worm bites you! The goblin closely misses you.
You hit the worm.
The worm is severely wounded.
You block the goblin's attack. The worm bites you.
You are too injured to fight recklessly!
You are too injured to fight recklessly!
You are too injured to fight recklessly!
You hit the worm.
The worm is almost dead.
The goblin hits you but does no damage. The worm bites you!
* * * LOW HITPOINT WARNING * * *
You block the goblin's attack.
You hit the worm.
You kill the worm!
The goblin hits you.
You die...

....#####.#)##.#
...........#..#.#
......####.##.#.# .....#
#.#....#
##########.#.####.#.....
..!.................).>#
######.##.#.####.#.##.#
###.##.#......#.##.#
#..@##........#.##.#
#.†g##..........##.#
#...##........####.#
#...##.)......# #.#
....##........# #.#
#....##........#
#..#.##........#
##.#.##........#


You could see a goblin.

Vanquished Creatures
  A worm (D:2)
  A giant cockroach (D:2)
  2 goblins (D:1)
  A hobgoblin (D:1)
  A kobold (D:1)
  3 bats (D:1)
  A frilled lizard (D:1)
10 creatures vanquished.

Notes
Turn   | Place    | Note
-------+----------+-------------------------------------------
     0 | D:1      | Laukis the Gargoyle Fighter began the quest for the Orb.
     0 | D:1      | Reached XP level 1. HP: 14/14 MP: 1/1
   300 | D:1      | Reached XP level 2. HP: 19/19 MP: 2/2
   819 | D:2      | Slain by a goblin

Levels and vault maps discovered:
D:1:      dpeg_arrival_three_same_balls, layout_basic
D:2:      layout_basic, hangedman_abyss_or_decor_lesser_grid,
          minmay_misc_feat_hallway, chequers_serial_rivers_micro_c,
          hangedman_decor_push

Action                   || total
-------------------------++-------
Melee: Flail             ||    65
Armor: Scale mail        ||    59
Dodge: Dodged            ||    26
Block: Kite shield       ||    53

Table legend:
 A = Non-vault XP
 B = Vault XP
 C = Vault XP percentage of total XP
 D = Non-vault monster count
 E = Vault monster count
 F = Vault count percentage of total count
                 A         B        C        D         E       F
            +---------+---------+-------+---------+---------+-------
      Total |      20 |       0 |   0.0 |      10 |       0 |   0.0
            +---------+---------+-------+---------+---------+-------
        D:1 |      13 |       0 |   0.0 |       8 |       0 |   0.0
        D:2 |       7 |       0 |   0.0 |       2 |       0 |   0.0
            +---------+---------+-------+---------+---------+-------
